AoeStats
← Corsican Pirate

Arena

509678927Analyzed
4v4 RM · 6d ago on Sep 27, 2026· 62m 7s· 8 players
Game mode
Random Map
Map size
Large (8 player)
Population
200
Speed
Normal
Resources
Standard
Victory
Conquest
Starting age
Dark Age
Ending age
Imperial Age
RankedLock teamsTeams togetherTeam positionsShared explorationLock speedFull tech treeHidden civsTurbo modeCheats
Victory
Defeat
🇲🇽 Franks · Mexico
1336
+14
🇮🇳 Malay · India
1255
+17
🇲🇽 Burgundians · Mexico
1246
+17
🇨🇭 Ethiopians · Switzerland
1220
+18
🇮🇳 Danes · India
1475
-23
🇳🇴 Franks · Norway
1282
-17
🇮🇳 Khmer · India
1252
-16
🇬🇧 Saracens · United Kingdom
1099
-10
M1CRO
11:28 Feudal Age
14:51 Castle Age
13:15 Loom
31:09 Double-Bit Axe
31:06 Horse Collar
33:59 Bow Saw
33:50 Heavy Plow
33:52 Gold Mining
35:07 Wheelbarrow
36:47 Hand Cart
36:17 Town Watch
37:16 Gold Shaft Mining
36:31 Stone Mining
42:44 Imperial Age
40:29 Forging
41:03 Stone Shaft Mining
41:54 Iron Casting
41:34 Man-at-Arms
42:14 Squires
42:00 Arson
41:37 Pikeman
43:02 Crop Rotation
44:13 Blast Furnace
43:04 Fletching
42:52 Long Swordsman
44:10 Forced Levy
44:31 Conscription
44:09 Two-Handed Swordsman
45:21 Bodkin Arrow
46:07 Halberdier
50:25 Bracer
52:17 Coinage
52:55 Elite Skirmisher
53:59 Padded Archer Armor
54:23 Ballistics
55:04 Chemistry
55:29 Banking
55:17 Leather Archer Armor
56:44 Ring Archer Armor
57:32 Treadmill Crane
WiTcH_DocTaH_88
11:09 Feudal Age
11:53 Loom
12:07 Double-Bit Axe
15:56 Castle Age
14:53 Horse Collar
23:56 Bow Saw
25:38 Wheelbarrow
30:28 Imperial Age
28:26 Town Watch
28:36 Gold Mining
28:26 Crossbowman
29:33 Thumb Ring
29:50 Heavy Plow
29:44 Fletching
31:05 Ballistics
31:36 Conscription
31:32 Arbalester
32:23 Padded Archer Armor
34:36 Chemistry
33:44 Bodkin Arrow
35:37 Squires
35:39 Bracer
35:50 Forging
35:56 Leather Archer Armor
35:42 Scale Mail Armor
36:11 Hand Cart
37:13 Halberdier
Imperial Skirmisher
5:17 Double-Bit Axe
6:24 Horse Collar
9:14 Loom
11:13 Feudal Age
15:16 Castle Age
13:47 Bow Saw
17:04 Two-Man Saw
16:06 Heavy Plow
19:18 Forging
19:45 Wheelbarrow
20:11 Stone Mining
22:22 Scale Barding Armor
24:57 Husbandry
25:45 Hand Cart
26:24 Chain Barding Armor
27:17 Iron Casting
32:41 Imperial Age
31:08 Burgundian Vineyards
31:55 Masonry
32:22 Ballistics
32:37 Gold Mining
34:14 Gold Shaft Mining
34:26 Plate Barding Armor
34:26 Conscription
35:35 Blast Furnace
34:48 Elite Coustillier
35:47 Treadmill Crane
38:34 Hoardings
38:04 Fletching
39:17 Chemistry
39:00 Bodkin Arrow
40:13 Architecture
40:42 Bracer
41:41 Padded Archer Armor
42:32 Coinage
43:34 Leather Archer Armor
45:37 Banking
50:31 Fortified Wall
53:17 Crop Rotation
57:55 Murder Holes
Corsican Pirate
11:26 Feudal Age
9:43 Loom
15:05 Castle Age
13:17 Double-Bit Axe
19:32 Scale Barding Armor
19:41 Bow Saw
24:03 Wheelbarrow
25:29 Chain Barding Armor
25:07 Town Watch
27:48 Forging
27:43 Husbandry
28:40 Hand Cart
28:20 Gold Mining
34:27 Imperial Age
34:27 Iron Casting
34:38 Cavalier
36:29 Blast Furnace
36:23 Plate Barding Armor
36:41 Scale Mail Armor
36:08 Light Cavalry
36:53 Squires
36:17 Pikeman
38:37 Squires
39:59 Chain Mail Armor
39:52 Halberdier
42:11 Plate Mail Armor
41:42 Gambesons
44:28 Conscription
44:10 Chivalry
45:22 Paladin
46:48 Padded Archer Armor
46:39 Fletching
47:39 Man-at-Arms
48:16 Bodkin Arrow
48:43 Elite Skirmisher
50:41 Leather Archer Armor
50:43 Caravan
53:09 Chemistry
55:14 Gold Shaft Mining
55:39 Fortified Wall
55:41 Masonry
57:52 Arson
59:50 Capped Ram
62:36 Siege Engineers
62:13 Treadmill Crane
62:29 Murder Holes
63:07 Architecture
The OG PinkMan
10:59 Feudal Age
14:16 Castle Age
12:24 Double-Bit Axe
22:40 Bloodlines
22:34 Husbandry
23:34 Scale Barding Armor
23:33 Horse Collar
24:15 Forging
26:19 Chain Barding Armor
26:34 Iron Casting
27:16 Wheelbarrow
26:36 Gold Mining
27:31 Iron Casting
27:18 Loom
34:52 Imperial Age
33:58 Gold Shaft Mining
35:12 Elite Battle Elephant
36:30 Plate Barding Armor
36:56 Blast Furnace
37:12 Heavy Plow
45:01 Tusk Swords
45:21 Conscription
51:45 Light Cavalry
53:05 Hussar
58:00 Elite Ballista Elephant
Dagis
11:12 Feudal Age
11:33 Feudal Age
15:22 Castle Age
14:04 Double-Bit Axe
16:19 Bow Saw
21:13 Wheelbarrow
23:52 Hand Cart
24:45 Scale Barding Armor
27:19 Forging
28:38 Fletching
32:40 Imperial Age
31:35 Iron Casting
31:00 Scale Mail Armor
31:20 Loom
32:42 Squires
34:10 Conscription
33:56 Pikeman
34:46 Halberdier
37:00 Chain Mail Armor
37:46 Blast Furnace
38:17 Plate Mail Armor
40:29 Chemistry
39:49 Ballistics
41:02 Siege Engineers
47:23 Padded Archer Armor
48:30 Leather Archer Armor
55:02 Caravan
Step-Lancer
9:12 Feudal Age
9:40 Double-Bit Axe
13:18 Castle Age
12:04 Horse Collar
14:12 Bow Saw
15:05 Loom
20:47 Wheelbarrow
22:34 Fletching
38:47 Gold Mining
42:28 Imperial Age
43:56 Conscription
45:10 Scale Mail Armor
46:16 Hand Cart
47:09 Town Watch
48:11 Onager
58:37 Heavy Plow
59:55 Pikeman
HYPNOS
5:43 Loom
11:28 Feudal Age
15:38 Castle Age
13:50 Horse Collar
17:44 Double-Bit Axe
21:01 Heavy Plow
25:55 Wheelbarrow
26:54 Bow Saw
28:33 Scale Barding Armor
29:11 Gold Mining
33:50 Imperial Age
31:40 Masonry
32:26 Chain Barding Armor
32:24 Murder Holes
33:18 Fortified Wall
33:19 Stone Mining
35:40 Chemistry
35:34 Siege Engineers
35:56 Fletching
36:33 Padded Archer Armor
37:14 Ballistics
36:25 Elite Skirmisher
38:00 Leather Archer Armor
38:52 Bodkin Arrow
40:03 Ring Archer Armor
39:46 Thumb Ring
39:56 Bracer
40:03 Crossbowman
55:09 Hand Cart
55:31 Gold Shaft Mining
57:55 Town Watch
58:51 Caravan
60:36 Forging
60:27 Scale Mail Armor
60:46 Pikeman
61:27 Squires
62:03 Iron Casting
Connection lost

Rejoining the realm…

Still unreachable

The connection could not be restored.

Session expired

The server has moved on; the page needs a fresh start.